 Dungeon Crawl Stone Soup version 0.29-a0-284-gf9362112df (webtiles) character file.

Game seed: 10307183668467314872

97 n8rtot the Insei (level 4, -5/35 HPs)
             Began as a Demigod Transmuter on Mar 25, 2022.
             Slain by Terence
             ... wielding a +0 flail
              (8 damage)
             ... on level 4 of the Dungeon.
             The game lasted 00:12:06 (2906 turns).

n8rtot the Insei (Demigod Transmuter)               Turns: 2906, Time: 00:12:07

Health: -5/35      AC:  2    Str: 11    XL:     4   Next: 19%
Magic:  11/11      EV: 12    Int: 19    God:
Gold:   161        SH:  0    Dex: 14    Spells: 7/8 levels left

rFire   . . .      SeeInvis .   k - +0 short sword (drain)
rCold   . . .      Faith    .   (no shield)
rNeg    . . .      Spirit   .   a - +0 robe
rPois   .          Reflect  .   (helmet currently unavailable)
rElec   .          Harm     .   (no cloak)
rCorr   .          Rampage  .   (no gloves)
Will    .....                   (boots currently unavailable)
Stlth   +.........              (no amulet)
HPRegen 0.11/turn               (no ring)
MPRegen 0.12/turn               (no ring)

@: appendages (expiring)
A: horns 2, talons 2, high MP 1, forlorn, divine attributes
a: End Transformation


You were on level 4 of the Dungeon.
You had temporarily grown beastly horns and talons.
You visited 1 branch of the dungeon, and saw 4 of its levels.

You collected 161 gold pieces.

Inventory:

Hand Weapons
 k - a +0 short sword of draining (weapon)
Missiles
 j - 20 stones
Armour
 a - a +0 robe (worn)
 h - a +1 pair of boots (melded)
Scrolls
 f - 6 scrolls of teleportation
 l - a scroll of amnesia {unknown}
Potions
 b - a potion of lignification
 c - 2 potions of brilliance
 d - a potion of flight
 e - 2 potions of invisibility
 g - a potion of haste
 i - a potion of curing {unknown}


   Skills:
 + Level 1.0 Fighting
 + Level 2.4 Dodging
 + Level 0.3 Stealth
 + Level 3.3 Unarmed Combat
 + Level 2.8 Spellcasting
 + Level 2.1 Transmutations


You had 7 spell levels left.
You knew the following spells:

 Your Spells              Type           Power      Damage    Failure   Level
a - Beastly Appendage     Tmut           20%        N/A       6%          1

Your spell library contained the following spells:

 Spells                   Type           Power      Damage    Failure   Level
 Wereblood                Tmut           10%        N/A       10%         2
 Animate Skeleton         Necr           4%         N/A       16%         1
 Apportation              Tloc           4%         N/A       16%         1
 Freeze                   Ice            8%         1d3       16%         1
 Summon Small Mammal      Summ           8%         N/A       16%         1
 Corpse Rot               Necr/Air       4%         N/A       24%         2
 Poisonous Vapours        Pois/Air       4%         N/A       24%         2
 Spider Form              Tmut/Pois      6%         N/A       30%         3
 Frozen Ramparts          Ice            4%         1d2       43%         3
 Ice Form                 Ice/Tmut       6%         N/A       69%         4
 Hailstorm                Conj/Ice       2%         3d3       83%         4


Dungeon Overview and Level Annotations

Branches:
Dungeon (4/15)
 Temple: D:4-7

Annotations:
D:4 Terence


Innate Abilities, Weirdness & Mutations

You have temporarily grown beastly horns and talons.
You have an increased reservoir of magic. (+10% MP)
You shall have no god before yourself.
Your divine heritage dramatically boosts your attributes as you level up.


Message History

Casting: Beastly Appendage (safe; 6% risk of failure)
Confirm with . or Enter, or press ? or * to list all spells.
You grow a pair of large bovine horns.
Your feet morph into talons.
Your +1 pair of boots melds into your body.
A goblin comes into view. It is wielding a +0 club.
The goblin shouts!
You hear a shout!
Terence says, "Did you write a will?
You should..."
The goblin unwields a +0 club.
The goblin wields a +0 hunting sling.
The goblin shoots a sling bullet.
The sling bullet hits you but does no damage.
You see here 24 stones.
You hit Terence.
Terence is moderately wounded.
Terence hits you with a +0 flail!
You hit Terence but do no damage. You claw Terence.
Terence is moderately wounded.
Terence hits you with a +0 flail!
A goblin comes into view. It is wielding a +0 club.
You closely miss Terence.
Terence is moderately wounded.
Terence completely misses you.
An orc comes into view. It is wielding a +0 war axe.
The goblin shoots a sling bullet.
The sling bullet barely misses you. Terence attacks as you move away!
Terence hits you with a +0 flail.
* * * LOW HITPOINT WARNING * * *
There is an escape hatch in the floor here.
You can't go up here!
Terence closely misses you.
You slide downwards.
The hatch slams shut behind you.
Found 15 gold pieces, a tapered lead wand and a scroll of identify.
Found a stone staircase leading up and a stone staircase leading down.
Found a scroll of identify.
The hobgoblin shouts!
Your transformation is almost over.
Terence attacks as you move away! Terence barely misses you.
Terence attacks as you move away! Terence hits you with a +0 flail.
* * * LOW HITPOINT WARNING * * *
The hobgoblin hits you but does no damage.
Terence attacks as you move away! Terence hits you with a +0 flail!
You die...

##########
##./...?...
###########.≈≈P......
........#..≈≈.PP.....
#@#.#♣≈≈.......
#@#.........#
#.g..#......#
###.......#
#..#.#.$....#
#..<.#....#.#
#....?......#
#..###.#....# #...
......#


You could see Terence and a hobgoblin.

Vanquished Creatures
  4 adders
  A worm (D:2)
  A dart slug (D:1)
  5 ball pythons
  5 endoplasms
  2 giant cockroaches
  4 goblins
  5 hobgoblins
  3 quokkas
  5 bats
  8 frilled lizards
  7 kobolds
  4 rats
54 creatures vanquished.

Vanquished Creatures (others)
  A goblin (D:2)
1 creature vanquished.

Grand Total: 55 creatures vanquished

Notes
Turn   | Place    | Note
-------+----------+-------------------------------------------
     0 | D:1      | n8rtot the Demigod Transmuter began the quest for the Orb.
     0 | D:1      | Reached XP level 1. HP: 15/15 MP: 5/5
   528 | D:1      | Reached skill level 3 in Unarmed Combat
   528 | D:1      | Reached XP level 2. HP: 22/22 MP: 5/7
  1571 | D:2      | Reached XP level 3. HP: 27/27 MP: 7/9
  2200 | D:2      | Reached skill level 1 in Fighting
  2667 | D:2      | Reached XP level 4. HP: 35/35 MP: 8/10
  2888 | D:3      | Noticed Terence
  2906 | D:4      | Slain by Terence

Illustrated notes

Levels and vault maps discovered:
D:1:      minmay_arrival_four_circles, layout_basic,
          chequers_ecumenical_altar_twisty, minmay_tetromino_l2
D:2:      minmay_razor_zed, layout_rooms, lemuel_old_faithful
D:3:      layout_rooms, uniq_terence
D:4:      layout_basic, kennysheep_mini, mainiacjoe_overflow_alcove_1,
          minmay_temple_entry_offerings, serial_bayou, serial_bayou_pond_c,
          serial_bayou_shore_b, serial_bayou_pond_c, serial_bayou_pond_e,
          kennysheep_flooded_box

Skill      XL: |  1  2  3 |
---------------+----------+-----
Spellcasting   | 2 |  2.8
Unarmed Combat | 3 |  3.3
Dodging        | 2 |  2.4
Fighting       | 1 |  1.0
Transmutations | 2 |  2.1
Stealth        | |  0.3

Action                   |  1- 3 |  4- 6 || total
-------------------------+-------+-------++-------
Melee: Unarmed           |    88 |       ||    88
       Kick              |    25 |     1 ||    26
       Headbutt          |    17 |     2 ||    19
       Punch             |     3 |       ||     3
       Short sword       |    30 |    11 ||    41
 Cast: Beastly Appendage |    32 |     2 ||    34
  Use: Scroll            |     5 |       ||     5
 Stab: Sleeping          |     2 |       ||     2
Armor: Robe              |    19 |     2 ||    21
Dodge: Dodged            |    76 |     6 ||    82

Table legend: (Time is in decaauts)
 A = Elapsed time spent in this place.
 B = Non-inter-level travel time spent in this place.
 C = Inter-level travel time spent in this place.
 D = Time resting spent in this place.
 E = Time spent auto-exploring this place.
 F = Levels seen in this place.
 G = Mean time per level.
                   A        B        C        D        E       F      G
               +--------+--------+--------+--------+--------+-----+--------+
         Total |   2905 |   2905 |      0 |    613 |   1544 |   4 |  726.2 |
       Dungeon |   2905 |   2905 |      0 |    613 |   1544 |   4 |  726.2 |
               +--------+--------+--------+--------+--------+-----+--------+

Top non-repeatable levels by time:
     D:1: 1423 daAuts
     D:2: 1370 daAuts
     D:3: 104 daAuts
     D:4: 7 daAuts
